 Dungeon Crawl Stone Soup version 0.29-a0-284-gf9362112df (webtiles) character file.

Game seed: 13076998679091925768

5449 sammy202020 the Fighter (level 10, -2/93 HPs)
             Began as a Demonspawn Berserker on Mar 27, 2022.
             Was an Elder of Trog.
             Slain by a manticore (17 damage)
             ... on level 9 of the Dungeon.
             The game lasted 00:18:25 (10555 turns).

sammy202020 the Fighter (Demonspawn Berserker)     Turns: 10555, Time: 00:18:26

Health: -2/93      AC: 14    Str: 20    XL:     10   Next: 41%
Magic:  10/10      EV: 10    Int: 10    God:    Trog [****..]
Gold:   282        SH:  0    Dex: 13    Spells: 9/9 levels left

rFire   + + .      SeeInvis +   a - +1 hand axe (flame)
rCold   + . .      Faith    .   (no shield)
rNeg    . . .      Spirit   .   o - +2 scale mail {rF+}
rPois   .          Reflect  .   r - +2 helmet {SInv}
rElec   .          Harm     .   q - scarf {rC+ rF+}
rCorr   .          Rampage  .   (no gloves)
Will    .....                   b - +0 pair of boots
Stlth   ..........              (no amulet)
HPRegen 0.25/turn               (no ring)
MPRegen 0.12/turn               (no ring)

@: spiked
A: claws 2, demonic guardian 2, foul stench 3, sense surroundings 1, robust 1
a: Renounce Religion, Berserk, Trog's Hand, Brothers in Arms


You were on level 9 of the Dungeon.
You worshipped Trog.
Trog was greatly pleased with you.
You visited 1 branch of the dungeon, and saw 9 of its levels.

You collected 497 gold pieces.
You spent 215 gold pieces at shops.

Inventory:

Hand Weapons
 a - a +1 hand axe of flaming (weapon)
 y - a +4 vorpal mace
Missiles
 e - 2 atropa-tipped darts
 j - 6 curare-tipped darts (quivered)
 x - 23 poisoned darts
 B - 8 boomerangs
Armour
 b - a +0 pair of boots (worn)
 d - a +1 robe of positive energy
 o - a +2 scale mail of fire resistance (worn)
 q - a scarf of resistance (worn)
 r - a +2 helmet of see invisible (worn)
Jewellery
 h - an amulet of regeneration
 m - a ring of ice
Wands
 z - a wand of charming (19)
Scrolls
 f - 2 scrolls of identify
 k - a scroll of noise
 t - 2 scrolls of teleportation
 u - 2 scrolls of enchant armour {unknown}
Potions
 g - 2 potions of invisibility
 i - 2 potions of heal wounds
 l - a potion of haste
 n - a potion of ambrosia {unknown}
 s - 2 potions of degeneration {unknown}
 v - a potion of flight {unknown}
 w - a potion of lignification {unknown}
 A - 2 potions of curing {unknown}
Miscellaneous
 c - a piece from Xom's chessboard (15/15)


   Skills:
 * Level 9.9 Fighting
 * Level 9.1 Axes
 + Level 6.2 Armour
 - Level 1.7 Dodging
 + Level 4.3 Unarmed Combat


You had 9 spell levels left.
You didn't know any spells.
Your spell library was empty.

Dungeon Overview and Level Annotations

Branches:
Dungeon (9/15)             Temple (0/1) D:7            Lair (0/6) D:9
    Orc: D:9-12

Altars:
Nemelex Xobeh
Trog
Uskayaw

Shops:
D:4 [


Innate Abilities, Weirdness & Mutations

You have very sharp fingernails.
A demonic guardian rushes to your aid.
You frequently emit foul miasma when damaged in melee.
You passively map a small area around you.
You are robust. (+10% HP)


Message History

You hit the manticore but do no damage. You barely miss the steam dragon.
The steam dragon is engulfed in dark miasma.
The steam dragon is poisoned.
The steam dragon bites you. The steam dragon barely misses you.
The manticore bites you!
The manticore claws you but does no damage.
The manticore claws you!
You hit the manticore. You burn the manticore.
The manticore is lightly wounded.
You hit the steam dragon. You burn the steam dragon.
You kill the steam dragon!
Trog accepts your kill. The manticore barely misses you.
The manticore claws you.
A demonic guardian appears!
The manticore claws you but does no damage.
You hit the manticore but do no damage.
The manticore is lightly wounded.
The manticore bites you!
The manticore claws you but does no damage.
The manticore claws you!
* * * LOW HITPOINT WARNING * * *
You hit the manticore. You burn the manticore.
The manticore is lightly wounded.
The manticore bites you.
* * * LOW HITPOINT WARNING * * *
You emit a cloud of foul miasma!
The manticore claws you but does no damage.
The manticore barely misses you. The manticore attacks as you move away!
The manticore barely misses you.
The manticore claws you but does no damage.
The manticore closely misses you.
The barbed spikes dig painfully into your body as you move.
* * * LOW HITPOINT WARNING * * *
You hit the manticore but do no damage.
The manticore is moderately wounded.
Your hellwing hits the manticore but does no damage.
Your hellwing barely misses the manticore.
You hit the manticore but do no damage.
The manticore is moderately wounded.
The manticore bites you!
You die...

**
###.####.#
,
.........#
**
#.#####..#
,, , #..#
,,,####*
#..# , ,
##...###..#
*
#.....##..#
,**#..°H4.#
#...#@.# *
#..##..#
#...##..#
....###..#
* ##.##
*#..# , *
... #..#
.#. , #..#
,#..# * ,


You could see a manticore (poisoned, slow, ally target) and a friendly hellwing
(summoned).

Vanquished Creatures
  A two-headed ogre (D:8)
  A kobold demonologist (D:9)
  A hornet (D:9)
  Sigmund (D:2)
  A vampire (D:9)
  2 yaks (D:8)
  Eustachio (D:6)
  2 steam dragons
  Menkaure (D:6)
  A water moccasin (D:5)
  Duvessa (D:6)
  2 black bears (D:4)
  An orc warrior (D:8)
  An ice beast (D:7)
  A sky beast (D:8)
  2 phantoms
  4 ogres
  A centaur (D:7)
  3 kobold brigands
  A bullfrog (D:7)
  A scorpion (D:4)
  A necrophage (D:6)
  Dowan (D:6)
  4 howler monkeys
  5 hounds
  An orc priest (D:8)
  4 gnoll shamans
  Natasha (thrice) (D:3)
  3 iguanas
  2 orc wizards (D:8)
  22 gnolls
  10 adders
  4 white imps (D:5)
  An ufetubus (D:7)
  A dart slug (D:3)
  19 orcs
  6 bats
  5 endoplasms
  6 giant cockroaches
  2 goblins (D:3)
  5 hobgoblins
  3 jackals (D:1)
  4 quokkas
  10 ball pythons
  3 frilled lizards (D:1)
  25 kobolds
  2 rats
182 creatures vanquished.

Vanquished Creatures (collateral kills)
  A yak (D:8)
  An orc warrior (D:5)
  An ogre (D:6)
  A gnoll sergeant (D:6)
  A jelly (D:8)
  An orc priest (D:4)
  A gnoll (D:6)
  2 orcs (D:5)
9 creatures vanquished.

Grand Total: 191 creatures vanquished

Notes
Turn   | Place    | Note
-------+----------+-------------------------------------------
     0 | D:1      | sammy202020 the Demonspawn Berserker began the quest for
                  | the Orb.
     0 | D:1      | Reached XP level 1. HP: 18/18 MP: 1/1
   267 | D:1      | Gained mutation: You may rarely emit foul miasma when
                  | damaged in melee. [demonic ancestry]
   267 | D:1      | Reached XP level 2. HP: 17/24 MP: 2/2
   734 | D:1      | Reached ** piety under Trog
  1038 | D:1      | Gained mutation: You have sharp fingernails. [demonic
                  | ancestry]
  1038 | D:1      | Reached XP level 3. HP: 26/29 MP: 3/3
  1151 | D:1      | Found a faded altar of an unknown god.
  1234 | D:2      | Noticed Sigmund
  1256 | D:2      | Killed Sigmund
  1257 | D:2      | Reached XP level 4. HP: 21/38 MP: 4/4
  1257 | D:2      | Reached XP level 5. HP: 24/43 MP: 5/5
  2752 | D:3      | Noticed Natasha
  2764 | D:3      | Killed Natasha
  2765 | D:3      | Gained mutation: A weak demonic guardian rushes to your
                  | aid. [demonic ancestry]
  2765 | D:3      | Reached XP level 6. HP: 40/50 MP: 6/6
  2808 | D:3      | Noticed Natasha
  2819 | D:3      | Killed Natasha
  2820 | D:3      | Reached skill level 5 in Fighting
  3104 | D:3      | Noticed Natasha
  3119 | D:3      | Killed Natasha
  3502 | D:4      | Found Varane's Armour Boutique.
  3530 | D:4      | Bought a +2 helmet of see invisible for 215 gold pieces
  3754 | D:4      | Reached skill level 5 in Axes
  3754 | D:4      | Gained mutation: You sometimes emit foul miasma when
                  | damaged in melee. [demonic ancestry]
  3754 | D:4      | Reached XP level 7. HP: 56/56 MP: 7/7
  4365 | D:4      | Reached *** piety under Trog
  4703 | D:5      | Entered Level 5 of the Dungeon
  4814 | D:5      | Gained mutation: A demonic guardian rushes to your aid.
                  | [demonic ancestry]
  4814 | D:5      | Reached XP level 8. HP: 33/65 MP: 8/8
  5669 | D:5      | Reached skill level 1 in Unarmed Combat
  6429 | D:6      | Noticed Dowan
  6444 | D:6      | Noticed Duvessa
  6454 | D:6      | Killed Duvessa
  6454 | D:6      | Killed Dowan
  6678 | D:6      | Noticed Menkaure
  6685 | D:6      | Gained mutation: You have very sharp fingernails. [demonic
                  | ancestry]
  6685 | D:6      | Reached XP level 9. HP: 74/74 MP: 9/9
  6689 | D:6      | Killed Menkaure
  6690 | D:6      | Reached skill level 5 in Armour
  6793 | D:6      | Noticed Eustachio
  6803 | D:6      | Killed Eustachio
  7642 | D:7      | Reached **** piety under Trog
  7704 | D:7      | Gained mutation: You have supernaturally acute eyesight.
                  | (SInv) [potion of mutation]
  7704 | D:7      | Gained mutation: You are weak. (Str -2) [potion of
                  | mutation]
  7704 | D:7      | Gained mutation: You are robust. (+10% HP) [potion of
                  | mutation]
  7876 | D:7      | Found a staircase to the Ecumenical Temple.
  7939 | D:7      | Found a bloodstained altar of Trog.
  8150 | D:7      | Found a hide-covered altar of Uskayaw.
  8907 | D:8      | Gained mutation: You frequently emit foul miasma when
                  | damaged in melee. [demonic ancestry]
  8907 | D:8      | Reached XP level 10. HP: 37/91 MP: 10/10
  9495 | D:8      | Lost mutation: You are robust. (+10% HP) [potion of
                  | mutation]
  9495 | D:8      | Lost mutation: You have supernaturally acute eyesight.
                  | (SInv) [potion of mutation]
  9495 | D:8      | Lost mutation: You are weak. (Str -2) [potion of mutation]
  9495 | D:8      | Gained mutation: Your magical capacity is low. (-10% MP)
                  | [potion of mutation]
  9495 | D:8      | Gained mutation: You are dopey. (Int -2) [potion of
                  | mutation]
  9495 | D:8      | Lost mutation: You are dopey. (Int -2) [potion of mutation]
  9495 | D:8      | Gained mutation: You have a pair of small horns on your
                  | head. [potion of mutation]
  9497 | D:8      | Lost mutation: Your magical capacity is low. (-10% MP)
                  | [potion of mutation]
  9497 | D:8      | Lost mutation: You have a pair of small horns on your head.
                  | [potion of mutation]
  9497 | D:8      | Gained mutation: You are frail. (-10% HP) [potion of
                  | mutation]
  9497 | D:8      | Gained mutation: You passively map a small area around you.
                  | [potion of mutation]
  9497 | D:8      | Lost mutation: You are frail. (-10% HP) [potion of
                  | mutation]
  9497 | D:8      | Gained mutation: Your spells are a little harder to cast,
                  | but a little more powerful. [potion of mutation]
  9498 | D:8      | Lost mutation: You passively map a small area around you.
                  | [potion of mutation]
  9498 | D:8      | Lost mutation: Your spells are a little harder to cast, but
                  | a little more powerful. [potion of mutation]
  9498 | D:8      | Gained mutation: You expend magic power (3 MP) to
                  | strengthen your wands. [potion of mutation]
  9498 | D:8      | Gained mutation: You tend to lose your temper in combat.
                  | [potion of mutation]
  9498 | D:8      | Gained mutation: Your mind is acute. (Int +2) [potion of
                  | mutation]
  9499 | D:8      | Lost mutation: You tend to lose your temper in combat.
                  | [potion of mutation]
  9499 | D:8      | Lost mutation: Your mind is acute. (Int +2) [potion of
                  | mutation]
  9499 | D:8      | Gained mutation: You are occasionally teleported next to
                  | monsters. [potion of mutation]
  9500 | D:8      | Lost mutation: You expend magic power (3 MP) to strengthen
                  | your wands. [potion of mutation]
  9500 | D:8      | Lost mutation: You are occasionally teleported next to
                  | monsters. [potion of mutation]
  9500 | D:8      | Gained mutation: You passively map a small area around you.
                  | [potion of mutation]
  9500 | D:8      | Gained mutation: You are robust. (+10% HP) [potion of
                  | mutation]
  9631 | D:8      | Noticed a two-headed ogre
  9652 | D:8      | Killed a two-headed ogre
 10016 | D:9      | Found a sparkling altar of Nemelex Xobeh.
 10016 | D:9      | Paralysed by a hornet for 1 turns
 10112 | D:9      | Found a bloodstained altar of Trog.
 10114 | D:9      | Found a staircase to the Lair.
 10155 | D:9      | Noticed a soul eater
 10541 | D:9      | Noticed a manticore
 10555 | D:9      | Slain by a manticore

Illustrated notes

Levels and vault maps discovered:
D:1:      minmay_arrival_open_corners, layout_basic,
          chequers_ecumenical_altar_grove, wander_ebering_terrifying_dragon_lair
D:2:      layout_loops_ring, uniq_sigmund
D:3:      layout_basic, uniq_natasha
D:4:      layout_loops_ring, serial_shops, nicolae_stop_n_shop_1
D:5:      kb_forest_paths, layout_cave_pools, ebering_dispersal_statue_hall
D:6:      layout_cave_pools, grunt_ministairs_13, palyth_stone_intersect,
          minmay_holes, uniq_eustachio, uniq_menkaure, uniq_duvessa
D:7:      layout_rooms, trog_antimagical, old_standard_altar,
          minmay_temple_entry_grid, centaur_isle
D:8:      layout_basic, enter_bailey_2
D:9:      minmay_the_grid_3x2 [minmay_the_grid_minigrid_small,
          minmay_the_grid_slots, minmay_the_grid_gridbox, minmay_the_grid_x,
          minmay_the_grid_aliased_spiral, minmay_the_grid_prize_inner_circle],
          layout_basic, nemelex_xobeh_ov_fountains_minmay, orc_david_3,
          serial_park_tiny_2, hangedman_feature_mirror, uniq_prince_ribbit1

Skill      XL: |  1  2  3  4  5  6  7  8  9 10 |
---------------+-------------------------------+-----
Axes           | 3 4 5 6 7 8 9 |  9.1
Armour         | 2 3 4 5 6 |  6.2
Fighting       | 4 5 6 7 9 |  9.9
Unarmed Combat | 2 3 4 |  4.3
Dodging        | |  1.7

Action                   |  1- 3 |  4- 6 |  7- 9 | 10-12 || total
-------------------------+-------+-------+-------+-------++-------
Melee: Hand axe          |    76 |   127 |   434 |    73 ||   710
       Punch             |     1 |     1 |     7 |     1 ||    10
Throw: Dart              |       |       |     1 |     3 ||     4
Invok: Berserk           |       |     1 |     5 |     1 ||     7
       Trog's Hand       |       |       |     6 |     1 ||     7
  Use: Scroll            |       |     8 |     7 |       ||    15
       Potion            |       |       |     1 |     6 ||     7
 Stab: Sleeping          |     2 |       |       |       ||     2
       Distracted        |       |       |     1 |       ||     1
Armor: Animal skin       |     4 |       |       |       ||     4
       Ring mail         |     7 |    10 |       |       ||    17
       Robe              |     4 |       |       |       ||     4
       Chain mail        |       |    62 |   168 |       ||   230
       Scale mail        |       |       |   135 |    38 ||   173
Dodge: Dodged            |    55 |    53 |   197 |    41 ||   346

Table legend: (Time is in decaauts)
 A = Elapsed time spent in this place.
 B = Non-inter-level travel time spent in this place.
 C = Inter-level travel time spent in this place.
 D = Time resting spent in this place.
 E = Time spent auto-exploring this place.
 F = Levels seen in this place.
 G = Mean time per level.
                   A        B        C        D        E       F      G
               +--------+--------+--------+--------+--------+-----+--------+
         Total |  10610 |  10471 |    139 |    858 |   7846 |   9 | 1178.9 |
       Dungeon |  10610 |  10471 |    139 |    858 |   7846 |   9 | 1178.9 |
               +--------+--------+--------+--------+--------+-----+--------+

Top non-repeatable levels by time:
     D:8: 1727 daAuts
     D:6: 1619 daAuts
     D:5: 1294 daAuts
     D:1: 1227 daAuts
     D:4: 1215 daAuts
     D:3: 1153 daAuts
     D:2: 1140 daAuts
     D:7: 689 daAuts
     D:9: 543 daAuts
